 Dungeon Crawl Stone Soup version 0.30-a0-737-gf23d94013f (webtiles) character file.

Game seed: 3022708267763995377

167 browni3141 the Grave Robber (level 5, -5/22 HPs)
             Began as a Felid Necromancer on Feb 3, 2023.
             Slain by an orc
             ... wielding a +0 morningstar
              (7 damage)
             ... on level 6 of the Dungeon.
             The game lasted 00:12:18 (5783 turns).

browni3141 the Grave Robber (Felid Necromancer)     Turns: 5783, Time: 00:12:19

Health: -5/22      AC:  2    Str:  4    XL:     5   Next: 23%
Magic:  9/9        EV: 17    Int: 16    God:
Gold:   243        SH:  0    Dex: 19    Spells: 0/9 levels left
                                        Lives:  0   Deaths: 2

rFire   . . .      SeeInvis +    (weapon unavailable)
rCold   . . .      Faith    .    (shield unavailable)
rNeg    . . .      Spirit   .    (body armour unavailable)
rPois   .          Reflect  .    (helmet unavailable)
rElec   .          Harm     .    (cloak unavailable)
rCorr   .          Rampage  .    (gloves unavailable)
Will    +....                    (boots unavailable)
Stlth   ++                       (no amulet)
HPRegen 0.23/turn                j - ring of willpower
MPRegen 0.11/turn                (no ring)

@: quick
A: very small, claws 1, fangs 3, see invisible, speed 1, shaggy fur 2, stealthy
paws, no weapons or thrown items, no armour, multi-lived
a: no special abilities


You were on level 6 of the Dungeon.
You visited 2 branches of the dungeon, and saw 7 of its levels.

You collected 243 gold pieces.

Inventory:

Jewellery
 j - a ring of willpower (left paw)
Scrolls
 c - a scroll of vulnerability {unknown}
 d - a scroll of enchant weapon {unknown}
 e - a scroll of blinking {unknown}
 f - 5 scrolls of identify {unknown}
 i - 2 scrolls of fear {unknown}
 k - 2 scrolls of poison {unknown}
 m - 2 scrolls of teleportation {unknown}
 n - a scroll of magic mapping {unknown}
 o - a scroll of enchant armour {unknown}
Potions
 a - a potion of magic
 b - a potion of attraction {unknown}
 g - 2 potions of mutation {unknown}
 l - 2 potions of heal wounds {unknown}
 p - a potion of might {unknown}


   Skills:
 - Level 2.0 Fighting
 - Level 2.6 Dodging
 - Level 2.6 Stealth
 - Level 2.5 Spellcasting
 * Level 7.9 Necromancy
 * Level 2.4 Transmutations


You couldn't memorise any spells.
You knew the following spells:

 Your Spells              Type           Power      Damage    Failure   Level
a - Necrotise             Necr           100%       1d9       1%          1
b - Vampiric Draining     Necr           27%        2d7       2%          3
c - Beastly Appendage     Tmut           18%        N/A       7%          1
d - Animate Dead          Necr           27%        N/A       8%          4

Your spell library contained the following spells:

 Spells                   Type           Power      Damage    Failure   Level
 Wereblood                Tmut           9%         N/A       11%         2
 Sandblast                Erth           4%         2d4       21%         1
 Summon Small Mammal      Summ           8%         N/A       21%         1
 Agony                    Necr           27%        N/A       21%         5
 Blink                    Tloc           4%         N/A       30%         2
 Lesser Beckoning         Tloc           4%         N/A       30%         2
 Momentum Strike          Conj/Tloc      4%         3d8       30%         2
 Spider Form              Tmut/Pois      5%         N/A       34%         3
 Call Canine Familiar     Summ           2%         N/A       52%         3
 Summon Guardian Golem    Hex/Summ       2%         N/A       52%         3


Dungeon Overview and Level Annotations

Branches:
Dungeon (6/15)             Temple (1/1) D:4

Altars:
Cheibriados
Elyvilon
Hepliaklqana
Kikubaaqudgha
Makhleb
Nemelex Xobeh
Qazlal
Trog
Uskayaw
Vehumet
Xom
Yredelemnul
Zin
The Shining One

Annotations:
D:2 Sigmund
D:5 exclusions: adder and 2 orc priests


Innate Abilities, Weirdness & Mutations

You have sharp claws.
You have razor-sharp teeth.
You have supernaturally acute eyesight. (SInv)
You cover ground quickly. (Speed+)
You are covered in thick fur. (AC +2)
Your paws help you pounce on unaware monsters.
You are incapable of wielding weapons or throwing items.
You cannot wear armour.
You gain extra lives every three experience levels.


Message History

An orc comes into view. It is wielding a +0 hand axe.
The phantom hits you.
You die...
Your shape twists and changes as you die.
You are now level 5!
Your horns disappear.
You rejoin the land of the living...
Found a glowing scarf.
Found a stone staircase leading up.
Unknown command.
An orc warrior comes into view. It is wielding a +0 battleaxe.
An orc warrior is nearby!
An orc warrior is nearby!
An orc warrior is nearby!
An orc warrior is nearby!
Found a stone staircase leading up.
An orc wizard and an orc come into view.
An orc wizard comes into view. It is wielding a +0 dagger.
The orc warrior shouts!
The orc shouts!
You hear an angry buzzing noise. x3
A killer bee comes into view.
The orc wizard shouts! 2 killer bees come into view.
Found 6 stones.
The killer bee buzzes angrily.
A killer bee comes into view.
The orc wizard misses you. The orc warrior completely misses you.
You scratch the orc warrior but do no damage.
The orc wizard casts a spell at you. The puff of flame misses you.
The orc warrior barely misses you. The killer bee misses you.
You scratch the orc warrior but do no damage.
The orc wizard hits you with a +0 dagger.
The orc warrior hits you with a +0 battleaxe!!
Ouch! That really hurt!
* * * LOW HITPOINT WARNING * * *
You scratch the orc warrior.
The orc warrior is lightly wounded.
The killer bee misses you.
A shadow imp comes into view.
The orc hits you with a +0 morningstar!
You die...

........# #.c..
..<.....# #...
.......### #...
##.....## #...
#.#.......# y...##
#......##.## ... ##
#...[...##.#######
......
#......#.##..ooy.##...
##...#
#......##.##.@oy.....y.
.. #.......
#.#yyoy..#..... #.##
#....... ##......# ....
..# ##......
......#..#.....##..
........
....<...........y...
...........#.......†.
...........(#......W..
.........5...z......###
.>#......


You could see an orc warrior, 5 killer bees, a wight, 2 orc wizards, a shadow
imp (wandering) and an orc.

Vanquished Creatures
  A water moccasin (D:3)
  A necrophage (D:4)
  A scorpion (D:4)
  2 jellies
  A hound (D:6)
  Jessica (D:2)
  Natasha (thrice) (D:3)
  An iguana (D:4)
  10 adders
  An ufetubus (D:5)
  4 worms
  The ghost of holysushi the Sneak, a weakling OpDe (D:4)
  3 dart slugs
  6 orcs
  3 ball pythons
  4 bats
  5 endoplasms
  4 goblins
  4 hobgoblins
  A jackal (D:2)
  7 quokkas
  4 frilled lizards
  5 kobolds
  5 rats
78 creatures vanquished.

Vanquished Creatures (collateral kills)
  A goblin (D:2)
1 creature vanquished.

Vanquished Creatures (others)
  A quokka zombie (D:5)
1 creature vanquished.

Grand Total: 80 creatures vanquished

Notes
Turn   | Place    | Note
-------+----------+-------------------------------------------
     0 | D:1      | browni3141 the Felid Necromancer began the quest for the
                  | Orb.
     0 | D:1      | Reached XP level 1. HP: 7/7 MP: 4/4
   349 | D:1      | Reached XP level 2. HP: 11/11 MP: 3/6
   464 | D:1      | Found a faded altar of an unknown god.
   472 | D:1      | Got Plato's Omnibus of the Anticline
  1020 | D:2      | Noticed Sigmund
  1235 | D:2      | Reached skill level 5 in Necromancy
  1265 | D:2      | Reached XP level 3. HP: 13/14 MP: 4/7
  1446 | D:2      | Noticed Jessica
  1455 | D:2      | Killed Jessica
  1535 | D:2      | Reached XP level 4. HP: 18/18 MP: 4/8
  1954 | D:2      | Reached skill level 6 in Necromancy
  1958 | D:2      | Learned a level 3 spell: Vampiric Draining
  2709 | D:3      | Found a faded altar of an unknown god.
  2713 | D:3      | Found a white marble altar of Elyvilon.
  2845 | D:3      | Reached XP level 5. HP: 21/21 MP: 5/9
  2962 | D:3      | Reached skill level 1 in Fighting
  3007 | D:3      | Noticed Natasha
  3009 | D:3      | Killed Natasha
  3084 | D:3      | Found a radiant altar of Vehumet.
  3225 | D:3      | Noticed Natasha
  3230 | D:3      | Killed Natasha
  3259 | D:3      | Noticed a water moccasin
  3269 | D:3      | Killed a water moccasin
  3270 | D:3      | Gained mutation: You are covered in thick fur. (AC +2)
                  | [Felid growth]
  3270 | D:3      | Reached XP level 6. HP: 16/26 MP: 0/10
  3276 | D:3      | Noticed Natasha
  3280 | D:3      | Killed Natasha
  3281 | D:3      | Reached skill level 7 in Necromancy
  3569 | D:4      | Found a staircase to the Ecumenical Temple.
  3616 | Temple   | Entered the Ecumenical Temple
  3853 | D:4      | Found a runed translucent door.
  3853 | D:4      | Noticed holysushi's ghost (weakling OpDe)
  4240 | D:3      | Learned a level 1 spell: Beastly Appendage
  4245 | D:3      | Learned a level 4 spell: Animate Dead
  4830 | D:4      | Found a staircase to the Ecumenical Temple.
  4996 | D:4      | Reached skill level 1 in Transmutations
  5108 | D:4      | Killed holysushi's ghost
  5109 | D:4      | Reached XP level 7. HP: 25/30 MP: 11/11
  5356 | D:5      | Entered Level 5 of the Dungeon
  5683 | D:6      | Noticed a hornet
  5700 | D:6      | Shot with an arrow by a centaur
  5701 | D:6      | Reached XP level 6. HP: -5/26 MP: 1/10
  5767 | D:6      | Noticed a steam dragon
  5772 | D:6      | Slain by a phantom
  5773 | D:6      | Reached XP level 5. HP: -2/22 MP: 9/9
  5775 | D:6      | Noticed an orc warrior
  5782 | D:6      | HP: 1/22 [orc warrior/+0 battleaxe (19)]
  5783 | D:6      | Slain by an orc

Illustrated notes

Levels and vault maps discovered:
D:1:      pf_arrival_petrified_forest, layout_basic,
          shapermc_ecumenical_altar_rom_forum, grunt_decor_resistance
D:2:      wad_river_or_something, layout_basic, uniq_jessica, uniq_sigmund
D:3:      layout_loops_ring, fiery_altar_vehumet,
          nicolae_overflow_ecumenical_swirl, uniq_natasha
D:4:      layout_loops_ring, nicolae_overflow_hidden_temple, temple_statues,
          hellmonk_ghost_happy_afterlife
D:5:      layout_rooms, nicolae_overflow_quartered_altars, uniq_prince_ribbit1
D:6:      layout_rooms, mainiacjoe_overflow_concentric_impassable, minivault_11,
          amethyst_killhole
Temple:   chequers_temple_sunken

Skill      XL: |  1  2  3  4  5  6  7 |
---------------+----------------------+-----
Necromancy     | 5 6 7 |  7.9
Fighting       | 2 |  2.0
Transmutations | 1 2 |  2.4
Dodging        | |  2.6
Stealth        | |  2.6
Spellcasting   | |  2.5

Action                     |  1- 3 |  4- 6 |  7- 9 || total
---------------------------+-------+-------+-------++-------
  Melee: Unarmed           |     3 |    86 |    15 ||   104
         Bite              |     1 |    12 |     1 ||    14
         Headbutt          |       |     8 |     6 ||    14
         Punch             |       |     2 |       ||     2
   Cast: Necrotise         |    41 |    97 |    14 ||   152
         Vampiric Draining |       |     4 |     5 ||     9
         Beastly Appendage |       |     8 |     2 ||    10
         Animate Dead      |       |       |     2 ||     2
    Use: Potion            |       |     2 |     3 ||     5
   Stab: Sleeping          |     2 |     3 |     1 ||     6
 Armour: Skin              |       |     6 |     2 ||     8
  Dodge: Dodged            |     8 |    64 |    49 ||   121

Table legend: (Time is in decaauts)
 A = Elapsed time spent in this place.
 B = Non-inter-level travel time spent in this place.
 C = Inter-level travel time spent in this place.
 D = Time resting spent in this place.
 E = Time spent auto-exploring this place.
 F = Levels seen in this place.
 G = Mean time per level.
                   A        B        C        D        E       F      G
               +--------+--------+--------+--------+--------+-----+--------+
         Total |   5016 |   4782 |    234 |    294 |   3653 |   7 |  716.6 |
       Dungeon |   4808 |   4600 |    208 |    294 |   3478 |   6 |  801.3 |
        Temple |    207 |    181 |     26 |      0 |    174 |   1 |  207.0 |
               +--------+--------+--------+--------+--------+-----+--------+

Top non-repeatable levels by time:
     D:4: 1461 daAuts
     D:2: 1371 daAuts
     D:1: 838 daAuts
     D:3: 822 daAuts
     D:5: 227 daAuts
  Temple: 207 daAuts
     D:6: 88 daAuts
